 Dungeon Crawl Stone Soup version 0.32-a0-999-gfa1cc04b1d (webtiles) character file.

Game seed: 11976005630667252595

11831 Strat the Grappler (level 11, -14/99 HPs)
             Began as a Grey Draconian Shapeshifter on Apr 24, 2024.
             Was an Initiate of Gozag.
             Demolished by a very large slime creature (30 damage)
             ... on level 11 of the Dungeon.
             The game lasted 00:22:17 (12852 turns).

Strat the Grappler (Grey Draconian Shapeshifter)   Turns: 12852, Time: 00:22:18

Health: -14/99     AC: 15    Str: 19    XL:     11   Next: 54%
Magic:  11/11      EV: 16    Int: 11    God:    Gozag
Gold:   1980       SH:  0    Dex: 15    Spells: 2/10 levels left

rFire   . .          .
                       - Unarmed
rCold   . . .        (shield currently unavailable)
rNeg    + . .        (body armour unavailable)
rPois   .            (helmet restricted)
rElec   .            (no cloak)
rCorr   .            E - +2 pair of gloves {Str+3}
SInv    .            (no boots)
Will    +....        (no amulet)
Stlth   +            e - ring of willpower
HPRegen 0.36/turn    s - ring of positive energy
MPRegen 0.12/turn

%: no passive effects
@: flux-form, glowing
A: glow, contaminating, mud breath, mud-swimmer, AC +12, amphibious, unfitting
armour, cold-blooded
a: Mud Breath, Begin Untransformation, Renounce Religion, Potion Petition, Call
Merchant, Bribe Branch


You were on level 11 of the Dungeon.
You worshipped Gozag.
Gozag was most pleased with you.
You were something dangerously unstable.
You visited 2 branches of the dungeon, and saw 13 of its levels.
You visited 1 bazaar.

You collected 2088 gold pieces.
You paid 108 gold pieces to Gozag.

Inventory:

Missiles
 d - 37 poisoned darts (quivered)
 C - 3 throwing nets
Armour
 r - a +0 buckler
 E - a +2 pair of gloves of strength (worn)
Jewellery
 e - a ring of willpower (left hand)
 h - a ring of fire
 j - a +6 ring of dexterity
 p - a ring of magical power
 q - an amulet of faith
 s - a ring of positive energy (right hand)
 w - a ring of magical power
 F - a ring of wizardry
Talismans
 b - a beast talisman
 c - a flux talisman (active)
 B - a blade talisman
Wands
 n - a wand of flame (37)
 x - a wand of polymorph (9)
 D - a wand of roots (7)
 K - a wand of paralysis (3)
Scrolls
 g - 2 scrolls of vulnerability
 i - 2 scrolls of blinking
 y - 3 scrolls of fog
 A - a scroll of torment
 G - 2 scrolls of identify
 H - a scroll of poison
Potions
 a - 3 potions of lignification
 f - a potion of magic
 k - 2 potions of attraction
 l - 5 potions of haste
 m - a potion of curing
 o - 2 potions of heal wounds
 t - a potion of brilliance
 u - 3 potions of mutation
 v - 4 potions of invisibility
 z - 2 potions of resistance


   Skills:
 - Level 10.0 Fighting
 + Level 3.2 Dodging
 + Level 14.2 Unarmed Combat
 + Level 7.5 Shapeshifting


You had 2 spell levels left.
You knew the following spells:

 Your Spells              Type           Power      Damage    Failure   Level
a - Blink                 Tloc           0%         N/A       47%         2
b - Lesser Beckoning      Tloc           0%         N/A       47%         2
c - Passage of Golubria   Tloc           0%         N/A       98%         4

Your spell library contained the following spells:

 Spells                   Type           Power      Damage    Failure   Level
 Momentum Strike          Conj/Tloc      0%         3d8       47%         2
 Dazzling Flash           Conj/Hex       0%         N/A       71%         3
 Mephitic Cloud           Conj/Alch/Air  0%         N/A       71%         3
 Stone Arrow              Conj/Erth      0%         3d7       71%         3
 Summon Ice Beast         Ice/Summ       0%         N/A       71%         3
 Silence                  Hex/Air        0%         N/A       100%        5
 Summon Mana Viper        Hex/Summ       0%         N/A       100%        5
 Monstrous Menagerie      Summ           0%         N/A       100%        7
 Seismic Cannonade        Alch/Erth      0%         6d4       100%        7
 Lehudib's Crystal Spear  Conj/Erth      0%         10d2      100%        8
 Animate Armour           Summ/Erth      Unusable   N/A       N/A         4

Dungeon Overview and Level Annotations

Branches:
Dungeon (12/15)            Temple (1/1) D:6            Lair (0/5) D:10
    Orc (0/2) D:12

Altars:
Ashenzari
Cheibriados
Dithmenos
Elyvilon
Fedhas
Gozag
Hepliaklqana
Kikubaaqudgha
Makhleb
Nemelex Xobeh
Okawaru
Qazlal
Ru
Sif Muna
Trog
Uskayaw
Vehumet
Wu Jian
Xom
Yredelemnul
Zin
The Shining One

Shops:
D:2 [   D:12 !(

Annotations:
D:8 4 transporters


Innate Abilities, Weirdness & Mutations

You are something dangerously unstable.
You glow with magical radiation, making you easy to see and hit.
Foes you strike become dangerously contaminated with magical radiation.
You are incapable of wielding weapons or throwing items.
You can breathe torrents of mud.
You are unimpeded by mud.
Your dull iron-grey scales are very hard. (AC +12)
You are amphibious.
You cannot fit into any form of body armour.
You are cold-blooded and may be slowed by cold attacks.


Message History

The slime creature is heavily wounded.
The large slime creature closely misses you.
The slime creature hits you!
Unknown command.
A large slime creature splits.
Two slime creatures merge to form a large slime creature.
There is a stone staircase leading up here.
Two slime creatures merge to form a very large slime creature.
You climb upwards.
There is a stone staircase leading down, spattered with blood here.
You hit the very large slime creature.
The very large slime creature glows dangerously bright.
The very large slime creature is lightly wounded.
You punch the very large slime creature!
The very large slime creature shudders as magic cascades through it.
The very large slime creature twists and deforms.
The very large slime creature is moderately wounded.
The very large slime creature hits you!
You punch the very large slime creature!
The very large slime creature begins to glow.
The very large slime creature is moderately wounded.
You punch the very large slime creature!
The very large slime creature glows dangerously bright.
You tail-slap the very large slime creature.
The very large slime creature is heavily wounded.
The very large slime creature hits you!!
* * * LOW HITPOINT WARNING * * *
You hit the very large slime creature.
The very large slime creature shudders as magic cascades through it.
The very large slime creature twists and deforms.
The very large slime creature is heavily wounded.
The very large slime creature hits you!!!
* * * LOW HITPOINT WARNING * * *
Unknown command.
You punch the very large slime creature!
The very large slime creature begins to glow.
The very large slime creature is heavily wounded.
The very large slime creature hits you!!
You die...
Your body crumbles into a pile of gold.

### ### ### ######### #.# #.# #.#
#.......# #.# #.# #.# #.......#
#.# #.# #p# #.......# #.# #.# #J#
#.......# #<# #.# #.# #.......#
#.# #.# #.# #.......#
##.#######.#####.#######.......##
.................................
#######.######.##########.#####.#
# #.# #.# #.# #.# # #.# #.# #.#
#.#


You could see a very large slime creature (contam, misshapen).

Vanquished Creatures
  A boulder beetle (D:8)
  A two-headed ogre (D:11)
  Pikel (D:9)
  An ugly thing (D:12)
  A cyclops (D:12)
  A gargoyle (D:12)
  3 unseen horrors (D:11)
  A komodo dragon (D:10)
  3 trolls
  Prince Ribbit (D:9)
  A hornet (D:11)
  A slime creature (D:11)
  3 wraiths
  A wyvern (D:9)
  3 yaks (D:10)
  A steam dragon (D:10)
  10 vampire mosquitoes
  An acid dragon (D:8)
  2 water moccasins
  2 black bears (D:10)
  2 sky beasts
  An ice beast (D:6)
  5 orc warriors
  An ogre (D:7)
  5 centaurs
  2 lemures (D:9)
  A kobold brigand (D:9)
  2 bullfrogs
  A gnoll sergeant (D:12)
  4 scorpions
  8 wights
  5 killer bees (D:8)
  7 howler monkeys
  3 orc priests
  A bombardier beetle (D:5)
  A jelly (D:6)
  3 gnoll boudas
  4 hounds
  3 iguanas
  16 orc wizards
  23 gnolls
  9 adders
  4 river rats (D:10)
  A shadow imp (D:7)
  A white imp (D:6)
  3 dart slugs
  8 ribbon worms
  59 orcs
  9 endoplasms
  4 giant cockroaches
  9 goblins
  8 hobgoblins
  2 jackals (D:1)
  3 quokkas
  5 ball pythons
  4 bats
  2 frilled lizards
  12 kobolds
  10 rats
290 creatures vanquished.

Notes
Turn   | Place    | Note
-------+----------+-------------------------------------------
     0 | D:1      | Strat the Draconian Shapeshifter began the quest for the
                  | Orb.
     0 | D:1      | Reached XP level 1. HP: 16/16 MP: 1/1
   115 | D:1      | Reached XP level 2. HP: 23/23 MP: 2/2
   453 | D:1      | Reached skill level 4 in Unarmed Combat
   511 | D:1      | Reached XP level 3. HP: 28/28 MP: 3/3
   992 | D:2      | Reached skill level 5 in Unarmed Combat
   992 | D:2      | Reached XP level 4. HP: 12/35 MP: 4/4
  1250 | D:2      | Found Duerylu's Armour Shop.
  1683 | D:3      | Reached XP level 5. HP: 32/40 MP: 5/5
  1798 | D:3      | Learned a level 2 spell: Blink
  1801 | D:3      | Learned a level 2 spell: Lesser Beckoning
  2461 | D:4      | Noticed Sigmund
  2468 | D:4      | Sigmund changed into Sigmund the goblin
  2468 | D:4      | Noticed Sigmund
  2471 | D:4      | Killed Sigmund the goblin
  3312 | D:5      | Entered Level 5 of the Dungeon
  3384 | D:5      | Reached XP level 6. HP: 47/47 MP: 6/6
  3418 | D:5      | Reached skill level 6 in Unarmed Combat
  4333 | D:5      | Reached skill level 5 in Shapeshifting
  4333 | D:5      | Your scales start taking on a dull iron-grey colour.
  4333 | D:5      | Reached XP level 7. HP: 47/52 MP: 7/7
  4387 | D:5      | Reached skill level 7 in Unarmed Combat
  4905 | D:6      | Found a staircase to the Ecumenical Temple.
  5251 | D:6      | Reached XP level 8. HP: 50/59 MP: 8/8
  5446 | D:6      | Reached skill level 8 in Unarmed Combat
  5560 | Temple   | Entered the Ecumenical Temple
  5604 | Temple   | Became a worshipper of Gozag Ym Sagoz the Greedy
  5985 | D:6      | Found a basalt altar of Yredelemnul.
  5997 | D:6      | Found a sacrificial altar of Ru.
  6663 | D:7      | Reached skill level 9 in Unarmed Combat
  6998 | D:8      | Reached XP level 9. HP: 61/70 MP: 9/9
  7198 | D:8      | Noticed a boulder beetle
  7223 | D:8      | Killed a boulder beetle
  7224 | D:8      | Reached skill level 10 in Unarmed Combat
  7422 | D:8      | Reached skill level 5 in Fighting
  7820 | D:8      | Found a transporter.
  7821 | D:8      | Found a transporter.
  7823 | D:8      | Found a transporter.
  7981 | D:8      | Found a transporter.
  8118 | D:9      | Reached skill level 11 in Unarmed Combat
  8187 | D:9      | Noticed Prince Ribbit
  8202 | D:9      | Killed Prince Ribbit
  8695 | D:9      | Noticed Pikel
  8716 | D:9      | Killed Pikel
  8717 | D:9      | Reached XP level 10. HP: 79/84 MP: 10/10
  8813 | D:9      | Reached skill level 12 in Unarmed Combat
  9227 | D:10     | Entered Level 10 of the Dungeon
  9311 | D:10     | Found a staircase to the Lair.
  9906 | D:10     | Reached skill level 13 in Unarmed Combat
 10371 | D:10     | Learned a level 4 spell: Passage of Golubria
 10727 | D:11     | Noticed a two-headed ogre
 10747 | D:11     | Killed a two-headed ogre
 10748 | D:11     | Reached XP level 11. HP: 69/95 MP: 11/11
 10959 | D:11     | Reached skill level 14 in Unarmed Combat
 11486 | D:12     | Noticed a red ugly thing
 11497 | D:12     | Killed a purple ugly thing
 11522 | D:12     | Identified the +2 leather armour "Vuanaukh" {Dex+2}
 11586 | D:12     | Found a staircase to the Orcish Mines.
 11595 | D:12     | Found Faamn's Distillery.
 11640 | D:12     | Found a flickering gateway to a bazaar.
 11645 | Bazaar   | Entered a bazaar
 11718 | Bazaar   | Found Gioppuon's Antique Armour Boutique.
 11736 | Bazaar   | Found Xeenuhos's Antique Armour Emporium.
 11760 | Bazaar   | Found Igyob's Book Boutique.
 11780 | Bazaar   | Found Aklic's Weapon Shoppe.
 11897 | D:12     | Reached skill level 10 in Fighting
 12315 | D:12     | Found Woefab's Antique Weapon Shop.
 12852 | D:11     | Demolished by a very large slime creature

Illustrated notes

Levels and vault maps discovered:
D:1:      reono_arrival_mine, layout_loops_ring
D:2:      layout_rooms, serial_shops, shop
D:3:      layout_loops_ring
D:4:      layout_gridville, uniq_sigmund
D:5:      layout_layer_cave
D:6:      layout_loops_cross, mainiacjoe_overflow_big_doors,
          minmay_temple_entry_water_ring, st_stairs_13
D:7:      layout_gridville
D:8:      layout_loops_ring, chequers_jeans, hangedman_decor_clover_reticule,
          nicolae_diode_quadrants
D:9:      layout_loops_ring, uniq_prince_ribbit1, uniq_pikel
D:10:     layout_basic, dpeg_lair_monsters
D:11:     layout_small_grid
D:12:     layout_loops_cross, hiddenorc2_lemuel, serial_shops, bzr_entry_road,
          nicolae_shop_hallway_plus, nicolae_book_shop_shelving,
          nicolae_take_the_stairs, shop
Temple:   mainiacjoe_temple_cubbyholes

Skill      XL: |  1  2  3  4  5  6  7  8  9 10 11 |
---------------+----------------------------------+-----
Unarmed Combat | 4 5 6 7 9 11 13 14 | 14.2
Shapeshifting  | 4 5 6 7 |  7.5
Fighting       | 3 6 8 10 | 10.0
Dodging        | 3 |  3.2

Action                     |  1- 3 |  4- 6 |  7- 9 | 10-12 || total
---------------------------+-------+-------+-------+-------++-------
  Melee: Unarmed           |   108 |   170 |   335 |   390 ||  1003
         Tailslap          |    17 |    26 |    49 |    74 ||   166
         Punch             |     2 |     4 |     6 |       ||    12
Ability: Mud Breath        |       |       |     1 |       ||     1
  Evoke: Wand              |       |     5 |     6 |       ||    11
    Use: Potion            |       |     3 |     2 |     2 ||     7
         Scroll            |       |     1 |    15 |     4 ||    20
   Stab: Sleeping          |       |     2 |       |       ||     2
         Distracted        |       |       |       |     1 ||     1
 Armour: Skin              |    80 |    77 |   162 |   289 ||   608
  Dodge: Dodged            |    66 |    86 |   191 |   306 ||   649
   Form: Flux              |       |       |     1 |       ||     1

Table legend: (Time is in decaauts)
 A = Elapsed time spent in this place.
 B = Non-inter-level travel time spent in this place.
 C = Inter-level travel time spent in this place.
 D = Time resting spent in this place.
 E = Time spent auto-exploring this place.
 F = Levels seen in this place.
 G = Mean time per level.
                   A        B        C        D        E       F      G
               +--------+--------+--------+--------+--------+-----+--------+
         Total |  12696 |  12024 |    672 |   1073 |   8357 |  14 |  906.9 |
       Dungeon |  12437 |  11849 |    588 |   1073 |   8207 |  12 | 1036.4 |
        Temple |     86 |      2 |     84 |      0 |      0 |   1 |   86.0 |
        Bazaar |    171 |    171 |      0 |      0 |    150 |   1 |  171.0 |
               +--------+--------+--------+--------+--------+-----+--------+

Top non-repeatable levels by time:
     D:5: 1574 daAuts
    D:11: 1433 daAuts
     D:8: 1166 daAuts
     D:6: 1160 daAuts
     D:9: 1150 daAuts
    D:10: 1124 daAuts
     D:4: 893 daAuts
     D:2: 889 daAuts
     D:3: 866 daAuts
    D:12: 803 daAuts
     D:7: 729 daAuts
     D:1: 644 daAuts
  Bazaar: 171 daAuts
  Temple: 86 daAuts
